Map: Paladino Terminal LE

Players

Optimus

  • Race: Terran Terran
  • Spawn Location: 9:00

Dayshi - Winner!

  • Race: Terran Terran
  • Spawn Location: 5:00

Event: IEM XI Katowice - World Championship 2017

VOD

Have the link to the VOD?

Description

Time

  • Played on: Feb. 27, 2017, 8:14 a.m.
  • Length: 9:58

All games in this series

Show
View Real Time Build Order
Export as new Build Order

Optimus Terran 

Build Orders: 1/1/1, MMM Bio 

Get SALT Encoding   

  12  0:00  SCV  
  13  0:12  SCV  
  14  0:18  Supply Depot  
  14  0:25  SCV  
  15  0:29  Refinery  
  15  0:39  SCV  
  16  0:46  Barracks  
  16  0:51  SCV  
  17  0:57  Refinery  
  17  1:03  SCV  
  18  1:16  SCV  
  19  1:28  SCV  
  20  1:33  Reaper  
  20  1:35  Factory  
  21  1:43  Orbital Command  
  21  1:52  Supply Depot  
  21  2:05  Reaper  
  22  2:09  SCV  
  23  2:19  Hellion  
  25  2:23  Starport  
  25  2:26  SCV  
  26  2:36  Supply Depot  
  26  2:37  Reaper  
  26  2:41  Hellion  
  29  2:44  SCV  
  30  2:57  SCV  
  31  3:00  Medivac  
  31  3:02  Hellion  
  35  3:08  Supply Depot  
  35  3:10  SCV  
  35  3:11  Reaper  
  37  3:22  SCV  
  38  3:32  Starport Tech Lab  
  37  3:42  SCV  
  37  3:46  Factory Tech Lab  
  34  3:56  Raven  
  34  3:58  Barracks Reactor  
  34  3:59  SCV, Command Center  
  37  4:06  Siege Tank  
  40  4:12  Barracks  
  40  4:18  Barracks  
  40  4:20  SCV  
  41  4:36  Marine x2  
  41  4:37  SCV  
  44  4:38  Siege Tank  
  47  4:46  Supply Depot  
  47  5:04  Barracks Tech Lab  
  47  5:05  Barracks Reactor  
  47  5:07  Marine x2, SCV  
  47  5:11  Raven  
  47  5:13  Orbital Command  
  52  5:19  SCV  
  53  5:25  Marine x2  
  53  5:31  Marine, SCV  
  53  5:33  Stimpack  
  52  5:41  Supply Depot  
  52  5:42  Marine x2, Engineering Bay  
  51  5:43  Marine  
  51  5:44  SCV  
  51  5:45  SCV  
  56  5:55  Marine x2  
  56  5:56  SCV  
  59  5:57  SCV  
  59  6:03  Marine x2  
  58  6:08  SCV  
  58  6:10  SCV  
  51  6:20  SCV  
  51  6:22  SCV  
  53  6:30  Marine x3  
  53  6:31  Marine x2  
  53  6:32  SCV  
  59  6:34  SCV  
  58  6:40  Siege Tank  
  58  6:44  SCV  
  58  6:46  SCV  
  63  6:50  Marine x2  
  61  6:54  Marine  
  61  6:55  Marine  
  61  6:56  SCV  
  61  6:59  SCV  
  64  7:05  Starport Reactor  
  64  7:08  Marine x2  
  64  7:10  Supply Depot  
  64  7:11  Refinery x2  
  64  7:12  Siege Tank  
  68  7:18  Barracks  
  68  7:19  Marine  
  68  7:20  SCV  
  68  7:21  Barracks  
  68  7:22  Marine  
  71  7:24  Marine  
  71  7:26  Marine, SCV  
  74  7:30  Marine  
  74  7:36  Combat Shields  
  74  7:37  Marine  
  75  7:40  Marine  
  75  7:42  Marine  
  75  7:44  Marine, Terran Infantry Weapons Level 1, Supply Depot  
  78  7:49  Siege Tank  
  82  7:51  Marine  
  82  7:54  Marine  
  84  7:59  Marine, Supply Depot  
  85  8:05  Medivac  
  85  8:07  Supply Depot x2  
  87  8:19  Marine x3  
  87  8:23  Siege Tank  
  87  8:26  SCV  
  79  8:29  Marine x3  
  79  8:33  Marine  
  71  8:42  Medivac  
  71  8:44  SCV x2  
  75  8:52  Medivac  
  75  8:54  Marine  
  78  8:55  Marine  
  78  8:56  Siege Tank  
  82  9:09  Marine x2  
  83  9:11  Barracks Reactor  
  83  9:14  Medivac  
  84  9:17  Marine  
  84  9:20  Marine  
  80  9:26  Marine x2  
  80  9:28  Marine  
  76  9:35  Marine x2  
  74  9:38  Marine  
Show
View Real Time Build Order
Export as new Build Order

Dayshi Terran - Winner!

Build Orders: Cyclone Opening, Reaper Expand, MMM Bio 

Get SALT Encoding   

  12  0:00  SCV  
  13  0:13  SCV  
  14  0:18  Supply Depot  
  14  0:25  SCV  
  15  0:29  Refinery  
  15  0:39  SCV  
  16  0:46  Barracks  
  16  0:52  SCV  
  17  1:04  SCV  
  18  1:16  SCV  
  19  1:33  Reaper, Orbital Command  
  20  1:46  Command Center  
  20  1:57  Factory  
  21  2:01  SCV  
  21  2:06  Barracks Reactor  
  21  2:12  Supply Depot  
  21  2:14  SCV  
  22  2:20  Refinery  
  22  2:26  SCV  
  23  2:38  SCV  
  23  2:43  Marine, Cyclone  
  23  2:44  Marine  
  29  2:50  SCV  
  30  2:57  Orbital Command  
  30  3:01  Marine x2  
  30  3:03  SCV  
  32  3:11  Starport  
  32  3:21  Cyclone  
  32  3:22  SCV  
  32  3:24  SCV  
  32  3:26  Marine  
  38  3:28  Marine  
  39  3:37  SCV  
  35  3:44  Marine  
  35  3:45  SCV  
  35  3:46  Marine  
  34  3:49  SCV  
  34  3:50  Viking  
  34  3:53  Cyclone  
  38  3:57  SCV  
  38  4:01  Marine  
  38  4:02  SCV  
  41  4:04  Marine  
  41  4:09  SCV  
  43  4:10  Supply Depot  
  43  4:14  SCV  
  43  4:15  Barracks  
  44  4:21  SCV  
  45  4:25  Factory Tech Lab  
  45  4:26  SCV  
  45  4:30  Medivac  
  45  4:33  SCV  
  45  4:34  Supply Depot  
  45  4:38  Marine x2, SCV  
  45  4:45  SCV  
  49  4:47  Siege Tank  
  49  4:50  SCV  
  53  4:56  Marine x2  
  53  4:57  SCV  
  56  5:03  SCV  
  57  5:07  Barracks Tech Lab  
  57  5:09  SCV, Barracks  
  58  5:15  SCV  
  58  5:19  Siege Tank  
  62  5:23  SCV  
  62  5:27  SCV  
  55  5:35  SCV  
  55  5:39  SCV  
  54  5:43  Marine  
  54  5:44  Marine, Stimpack  
  54  5:45  Marine  
  54  5:47  SCV  
  58  5:51  SCV  
  58  5:53  Refinery  
  58  5:54  Refinery  
  58  5:55  Supply Depot  
  58  5:56  Bunker  
  59  5:59  SCV  
  59  6:01  Marine  
  59  6:02  Marine  
  62  6:09  Command Center  
  62  6:10  Marine  
  62  6:12  SCV  
  59  6:19  Marine, SCV  
  59  6:20  Marine, Siege Tank  
  59  6:24  SCV  
  57  6:28  Marine  
  57  6:29  Starport Reactor, Barracks Reactor  
  57  6:32  SCV, Engineering Bay  
  58  6:37  Marine, SCV  
  58  6:38  Marine  
  59  6:44  SCV  
  59  6:46  Marine  
  57  6:53  SCV  
  53  6:55  Marine, Siege Tank  
  53  6:56  Marine  
  53  6:59  SCV  
  51  7:03  Marine  
  51  7:05  SCV  
  51  7:06  Marine x2  
  51  7:08  Medivac x2  
  59  7:11  Barracks  
  59  7:12  Marine  
  59  7:14  Reaper, Barracks  
  61  7:19  SCV x2  
  61  7:21  Marine  
  64  7:23  Supply Depot  
  64  7:24  Marine x2, Supply Depot  
  64  7:28  Supply Depot  
  66  7:32  Supply Depot  
  66  7:45  Marine x3, Viking, Siege Tank  
  66  7:48  Terran Infantry Weapons Level 1  
  74  7:53  SCV  
  75  7:59  Supply Depot  
  75  8:00  Barracks Reactor  
  75  8:01  Barracks Reactor x2  
  75  8:02  Marine  
  75  8:03  Marine x2  
  75  8:20  Marine  
  75  8:21  Marine x2  
  75  8:24  Siege Tank  
  75  8:25  Combat Shields  
  71  8:38  Marine  
  71  8:39  Marine x2  
  73  8:42  Marine x3  
  73  8:43  Marine x3  
  79  8:48  Medivac  
  81  8:56  Marine, Siege Tank  
  81  8:57  Marine x2  
  81  9:00  Marine  
  80  9:03  Marine  
  80  9:09  Marine x3  
  84  9:15  Marine  
  84  9:16  Marine x2  
  86  9:29  Marine  
  86  9:30  Marine  

Tags
 
Add a new tag
Caveats
  • Supply blocks, unpowered buildings, or Contaminate may cause inaccurate times.
  • Supply counts are checked every 10 seconds.